 Dungeon Crawl Stone Soup version 0.30-a0-939-gc8157cb160 (webtiles) character file.

Game seed: 945788860937964175

1918247 cforsyth the Slayer (level 27, 170/170 HPs)
             Began as a Vine Stalker Fighter on Mar 26, 2023.
             Was a Follower of Uskayaw.
             Escaped with the Orb
             ... and 3 runes!
             The game lasted 02:05:54 (52997 turns).

cforsyth the Slayer (Vine Stalker Fighter)         Turns: 52997, Time: 02:05:54

Health: 170/170    AC: 53    Str: 35    XL:     27
Magic:  56/56      EV: 17    Int:  6    God:    Uskayaw [*.....]
Gold:   3527       SH: 18    Dex: 17    Spells: 26/26 levels left

rFire   + + .      SeeInvis +    T - +9 quick blade (freeze)
rCold   + + +      Faith    +    c - +5 kite shield {rC+ rF+}
rNeg    + . .      Spirit   +    b - +12 gold dragon scales
rPois   +          Reflect  .    J - +2 helmet {SInv}
rElec   +          Rampage  +    G - +1 cloak of Starlight {*Dazzle EV+4 Stlth--}
rCorr   .                        j - +3 pair of gauntlets of War {Slay+5}
Will    +++++                    H - +2 pair of boots {rampage} Stlth
                                 Q - amulet "Loithrec" {Faith Will+++ MP+9 Slay+3 Stlth+}
HPRegen 1.28/turn                D - ring "Ilim" {rN+ MP+9 SInv}
MPRegen 0.35/turn                Z - ring "Ralli" {rElec rC+ Will- Str+5}

@: studying 2 skills
A: fangs 3, regeneration 1, magic shield, antimagic bite, no potion heal 2,
dopey 1, mutation resistance 1
0: Orb of Zot
}: 3/15 runes: serpentine, barnacled, silver
a: Renounce Religion, Stomp


You escaped.
You worshipped Uskayaw.
Uskayaw was greatly pleased with you.
You visited 10 branches of the dungeon, and saw 48 of its levels.
You visited 1 bazaar.
You also visited: Wizlab.

You collected 7084 gold pieces.
You spent 3557 gold pieces at shops.

Inventory:

Hand Weapons
 T - a +9 quick blade of freezing (weapon)
 Y - the +1 rapier "Sarcophage" {holy, rC+++ Str+9 Dex-4 Stlth-}
   (You found it on level 5 of the Lair of Beasts)

   Str:       It affects your strength (+9).
   Dex:       It affects your dexterity (-4).
   rC:        It renders you almost immune to cold.
   Stlth:     It makes you less stealthy.
Armour
 b - +12 gold dragon scales (worn)
 c - a +5 kite shield of resistance (worn)
 j - the +3 pair of gauntlets of War (worn) {Slay+5}
   (You acquired it on level 5 of the Lair of Beasts)

   Slay:      It affects your accuracy & damage with ranged weapons and melee
   (+5).
 x - a +2 cloak of poison resistance
 G - the +1 cloak of Starlight (worn) {*Dazzle EV+4 Stlth--}
   (You found it in a wizard's laboratory)

   *Dazzle:   It may blind those who miss an attack against the wearer in melee
   combat.
   EV:        It affects your evasion (+4).
   Stlth:     It makes you much less stealthy.
 H - a +2 pair of boots of rampaging (worn)
 J - a +2 helmet of see invisible (worn)
Jewellery
 D - the ring "Ilim" (left hand) {rN+ MP+9 SInv}
   (You took it off a tengu reaver on level 1 of the Depths)

   [ring of see invisible]

   rN:        It protects you from negative energy.
   MP:        It affects your magic capacity (+9).
   SInv:      It lets you see invisible.
 E - a ring of protection from cold
 L - the ring of Wudghas {rElec MP+9}
   (You bought it in a shop on level 2 of the Orcish Mines)

   [ring of magical power]

   rElec:     It insulates you from electricity.
   MP:        It affects your magic capacity (+9).
 P - a +4 ring of slaying
 Q - the amulet "Loithrec" (around neck) {Faith Will+++ MP+9 Slay+3 Stlth+}
   (You bought it in a shop on level 2 of the Orcish Mines)

   [amulet of faith]

   It allows you to gain divine favour quickly.
   Slay:      It affects your accuracy & damage with ranged weapons and melee
   (+3).
   MP:        It affects your magic capacity (+9).
   Will:      It greatly increases your willpower.
   Stlth:     It makes you more stealthy.
 Z - the ring "Ralli" (right hand) {rElec rC+ Will- Str+5}
   (You found it on level 3 of the Elven Halls)

   [ring of protection from cold]

   Str:       It affects your strength (+5).
   rC:        It protects you from cold.
   rElec:     It insulates you from electricity.
   Will:      It decreases your willpower.
Wands
 s - a wand of flame (27)
 u - a wand of polymorph (35)
 v - a wand of paralysis (38)
 A - a wand of mindburst (39)
 K - a wand of quicksilver (16)
 U - a wand of iceblast (11)
 W - a wand of digging (13)
Scrolls
 e - 9 scrolls of blinking
 m - 20 scrolls of teleportation
 n - 4 scrolls of torment
 p - 7 scrolls of fog
 q - 15 scrolls of immolation
 r - 8 scrolls of poison
 y - 12 scrolls of fear
 B - 4 scrolls of silence
 I - 5 scrolls of butterflies
 M - a scroll of enchant weapon
 X - 6 scrolls of vulnerability
Potions
 a - 4 potions of ambrosia
 d - 12 potions of might
 g - 20 potions of curing
 h - 8 potions of attraction
 k - 11 potions of lignification
 l - 2 potions of invisibility
 o - 5 potions of mutation
 t - 12 potions of haste
 w - 4 potions of resistance
 z - 19 potions of flight
 C - 4 potions of magic
 N - 9 potions of brilliance
 S - 2 potions of berserk rage
 V - 6 potions of cancellation


   Skills:
 + Level 25.6 Fighting
 - Level 18.1 Short Blades
 + Level 23.7 Armour
 - Level 12.0 Dodging
 - Level 14.0 Shields
 - Level 21.0 Invocations


You had 26 spell levels left.
You didn't know any spells.
Your spell library contained the following spells:

 Spells                   Type           Power      Damage    Failure   Level
 Beastly Appendage        Tmut           0%         N/A       99%         1
 Foxfire                  Conj/Fire      0%         2x1d4     99%         1
 Freeze                   Ice            0%         1d3       99%         1
 Kiss of Death            Conj/Necr      0%         2d5       99%         1
 Necrotise                Necr           0%         1d4       99%         1
 Sandblast                Erth           0%         2d4       99%         1
 Slow                     Hex            0%         N/A       99%         1
 Sting                    Tmut/Pois      0%         1d3       99%         1
 Blink                    Tloc           0%         N/A       100%        2
 Cigotuvi's Dreadful Rot  Necr/Pois/Air  0%         N/A       100%        2
 Ensorcelled Hibernation  Hex/Ice        0%         N/A       100%        2
 Lesser Beckoning         Tloc           0%         N/A       100%        2
 Momentum Strike          Conj/Tloc      0%         3d8       100%        2
 Passwall                 Tmut/Erth      0%         N/A       100%        2
 Poisonous Vapours        Pois/Air       0%         N/A       100%        2
 Wereblood                Tmut           0%         N/A       100%        2
 Call Canine Familiar     Summ           0%         N/A       100%        3
 Confusing Touch          Hex            0%         N/A       100%        3
 Dazzling Flash           Conj/Hex       0%         N/A       100%        3
 Frozen Ramparts          Ice            0%         1d1       100%        3
 Gell's Gravitas          Tloc           0%         N/A       100%        3
 Hailstorm                Conj/Ice       0%         3d3       100%        3
 Ignite Poison            Fire/Tmut/Pois 0%         N/A       100%        3
 Inner Flame              Hex/Fire       0%         N/A       100%        3
 Kindle Blastsparks       Fire/Tloc/Air  0%         2d10      100%        3
 Mephitic Cloud           Conj/Pois/Air  0%         N/A       100%        3
 Ozocubu's Armour         Ice            0%         N/A       100%        3
 Portal Projectile        Hex/Tloc       0%         N/A       100%        3
 Spider Form              Tmut/Pois      0%         N/A       100%        3
 Stone Arrow              Conj/Erth      0%         3d7       100%        3
 Teleport Other           Tloc           0%         N/A       100%        3
 Vampiric Draining        Necr           0%         2d6       100%        3
 Vhi's Electric Charge    Tloc/Air       0%         N/A       100%        3
 Airstrike                Air            0%         2d(0-16)  100%        4
 Anguish                  Hex/Necr       0%         N/A       100%        4
 Animate Armour           Summ/Erth      0%         N/A       100%        4
 Animate Dead             Necr           0%         N/A       100%        4
 Cause Fear               Hex            0%         N/A       100%        4
 Dispel Undead            Necr           0%         3d6       100%        4
 Ice Form                 Ice/Tmut       0%         N/A       100%        4
 Iskenderun's Mystic Bla  Conj/Tloc      0%         2d3       100%        4
 Leda's Liquefaction      Hex/Erth       0%         N/A       100%        4
 Manifold Assault         Tloc           0%         N/A       100%        4
 Olgreb's Toxic Radiance  Pois           0%         N/A       100%        4
 Passage of Golubria      Tloc           0%         N/A       100%        4
 Petrify                  Tmut/Erth      0%         N/A       100%        4
 Sticky Flame             Conj/Fire      0%         2d3       100%        4
 Summon Ice Beast         Ice/Summ       0%         N/A       100%        4
 Summon Lightning Spire   Summ/Air       0%         N/A       100%        4
 Agony                    Necr           0%         N/A       100%        5
 Blade Hands              Tmut           0%         N/A       100%        5
 Borgnjor's Vile Clutch   Necr/Erth      0%         N/A       100%        5
 Freezing Cloud           Conj/Ice/Air   0%         6-21      100%        5
 Irradiate                Conj/Tmut      0%         3d11      100%        5
 Metabolic Englaciation   Hex/Ice        0%         N/A       100%        5
 Plasma Beam              Fire/Air       0%         2x1d11    100%        5
 Silence                  Hex/Air        0%         N/A       100%        5
 Summon Mana Viper        Hex/Summ       0%         N/A       100%        5
 Yara's Violent Unravell  Hex/Tmut       0%         3d3       100%        5
 Death Channel            Necr           0%         N/A       100%        6
 Dispersal                Tloc           0%         N/A       100%        6
 Iron Shot                Conj/Erth      0%         9d1       100%        6
 Simulacrum               Ice/Necr       0%         N/A       100%        6
 Starburst                Conj/Fire      0%         6d3       100%        6
 Statue Form              Tmut/Erth      0%         N/A       100%        6
 Dragon Form              Tmut           0%         N/A       100%        7
 Enfeeble                 Hex            0%         N/A       100%        7
 Malign Gateway           Summ/Tloc      0%         N/A       100%        7
 Monstrous Menagerie      Summ           0%         N/A       100%        7
 Ozocubu's Refrigeration  Ice            0%         4d7       100%        7
 Storm Form               Tmut/Air       0%         N/A       100%        7
 Borgnjor's Revivificati  Necr           0%         N/A       100%        8
 Discord                  Hex            0%         N/A       100%        8
 Disjunction              Tloc           0%         N/A       100%        8
 Necromutation            Tmut/Necr      0%         N/A       100%        8
 Summon Horrible Things   Summ           0%         N/A       100%        8
 Chain Lightning          Conj/Air       0%         N/A       100%        9
 Death's Door             Necr           0%         N/A       100%        9
 Fire Storm               Conj/Fire      0%         5d1       100%        9
 Polar Vortex             Ice            0%         N/A       100%        9
 Shatter                  Erth           0%         3d5*      100%        9


Dungeon Overview and Level Annotations

Branches:
Dungeon (15/15)            Temple (1/1) D:5            Lair (5/5) D:9
 Shoals (4/4) Lair:2        Snake (4/4) Lair:3        Slime (0/5) Lair:5
    Orc (2/2) D:11            Elf (3/3) Orc:2        Vaults (5/5) D:13
  Crypt (0/3) Vaults:2     Depths (4/4) D:15            Zot (5/5) Depths:4
 WizLab (visited)

Altars:
Ashenzari
Cheibriados
Dithmenos
Elyvilon
Fedhas
Gozag
Hepliaklqana
Kikubaaqudgha
Makhleb
Nemelex Xobeh
Okawaru
Qazlal
Ru
Sif Muna
Trog
Uskayaw
Vehumet
Wu Jian
Xom
Yredelemnul
Zin
The Shining One
Jiyva
Lugonu

Shops:
D:2 [   D:3 !   D:5 [?([   D:6 [*=?   Orc:2 =(?=   Elf:1 [   Elf:2 :=:
Snake:1 :   Snake:3 :   Snake:4 ::   Vaults:1 !   Vaults:4 (   Vaults:5 ?!
Depths:1 ?   Depths:2 ?(?*

Portals:
Hell: Depths:1 Depths:2 Depths:3 Depths:4
Abyss: Shoals:1 Depths:1 Depths:3
Pandemonium: Depths:2
Ziggurat: Depths:3

Annotations:
Shoals:1 1 runed translucent door
Zot:2 3 runed translucent doors, Zaeh's ghost, veteran TrTm
Zot:5 1 runed translucent door, Bucoetae's ghost, veteran OgBe


Innate Abilities, Weirdness & Mutations

You have razor-sharp teeth.
Your natural rate of healing is unusually fast.
When hurt, damage is shared between your health and your magic reserves.
Your bite disrupts and absorbs the magic of your enemies.
Potions cannot restore your health.
You are dopey. (Int -2)
You are somewhat resistant to further mutation.


Message History

Where to? (Enter - D:5, ? - help)
There is a stone staircase leading up here.
You climb upwards.
There is a stone staircase leading down here.
(D) Dungeon (T) Temple (L) Lair (A) Shoals (P) Snake Pit (M) Slime Pits (O) Orcish Mines (E) Elven Halls (V) Vaults (C) Crypt (U) Depths (H) Hell (Z) Zot
Where to? (Enter - D:4, ? - help)
You see here a +0 club.
A sun demon comes into view.
The sun demon moves out of view.
There is a stone staircase leading up here.
You climb upwards.
There is a stone staircase leading down here.
(D) Dungeon (T) Temple (L) Lair (A) Shoals (P) Snake Pit (M) Slime Pits (O) Orcish Mines (E) Elven Halls (V) Vaults (C) Crypt (U) Depths (H) Hell (Z) Zot
Where to? (Enter - D:3, ? - help)
There is a stone staircase leading down, spattered with blood here.
There is a stone staircase leading up, spattered with blood here.
You climb upwards.
There is a stone staircase leading down, spattered with blood here.
(D) Dungeon (T) Temple (L) Lair (A) Shoals (P) Snake Pit (M) Slime Pits (O) Orcish Mines (E) Elven Halls (V) Vaults (C) Crypt (U) Depths (H) Hell (Z) Zot
Where to? (Enter - D:2, ? - help)
You see here a +0 flail.
There is a stone staircase leading up here.
You climb upwards.
There is a stone staircase leading down here.
Aiming: Dig
Press: ? - help, Shift-Dir - straight line A rock wall.
This square is covered in magical glow.
The rock shatters into small pieces.
There is a staircase leading out of the dungeon here.
You have escaped!

##..................#######.....
#.................>......)..#..
##........#######.######.##.#..
#......#.# ##.## #.##....
#......#.## ##.## #.###...
#.........###.#### #.# #..)
#......#.###.....### #.# ##..
###....###.........## #.# #..
##†..##....@#.....###.####..
##..#.....###.....#........
#.##.....# #.....##....... ####
#.#.....## ##....^#....... ...##
#.#..#..# #..#..#.......
....####.#).#..# #..#..#.....#.
.........#.....##
##.....#.....#.
#.######.##.....#
#.....##.....†† #.#
##.##.....###.....#....)##.


There were no monsters in sight!

Vanquished Creatures
  2 dread liches (Vaults:4)
  4 ancient liches
  5 orbs of fire
  A juggernaut (Depths:2)
  Vv (Depths:3)
  Parghit (Depths:3)
  Xtahua (Depths:3)
  Saint Roka (Vaults:3)
  8 Killer Klowns
  6 curse toes
  8 golden dragons
  the Enchantress (Depths:3)
  A bone dragon (Depths:4)
  2 Tzitzimimeh
  4 electric golems
  2 doom hounds (Depths:3)
  Jorgrun (Elf:2)
  29 Orb Guardians
  A walking crystal tome (Depths:2)
  27 tentacled monstrosities
  Zenata (Elf:2)
  A walking earthen tome (Depths:2)
  Grunn (Depths:3)
  2 Ice Fiends
  4 liches
  5 quicksilver dragons
  8 titans
  14 death cobs
  An ancient champion (Vaults:2)
  Agnes (Snake:1)
  2 tentacled starspawn (WizLab)
  4 sphinxes
  5 shadow dragons
  3 thorn hunters (Depths:3)
  An eldritch tentacle (WizLab)
  24 storm dragons
  2 nagarajas (Snake:4)
  9 draconian monks
  Kirke (Lair:4)
  7 tengu reavers
  A fenstrider witch (shapeshifter) (Vaults:1)
  4 draconian knights
  19 vault wardens
  16 fire giants
  3 frost giants
  An iron dragon (Depths:1)
  6 draconian scorchers
  4 spectral caustic shrikes (Depths:3)
  8 draconian stormcallers
  12 deep elf sorcerers
  A deep elf elementalist (Elf:3)
  2 orc warlords (Vaults:3)
  A spriggan defender (Depths:3)
  6 draconian shifters
  4 draconian annihilators
  12 ironbound preservers
  7 war gargoyles
  23 very ugly things
  8 vampire knights
  16 stone giants
  17 black draconians
  3 deep elf annihilators (Elf:3)
  11 ironbound thunderhulks
  7 deep elf demonologists
  23 white draconians
  5 dire elephants
  A minotaur (Lair:1)
  A spark wasp (shapeshifter) (Depths:2)
  11 green draconians
  19 purple draconians
  7 spark wasps
  6 yellow draconians
  10 red draconians
  5 crystal guardians
  14 ettins
  3 merfolk javelineers
  9 deep elf death magi
  12 merfolk impalers
  The ghost of Xycs the Thaumaturge, a journeyman GnEE of Vehumet (Lair:1)
  3 entropy weavers
  11 deep elf high priests
  7 great orbs of eyes
  13 yaktaur captains
  Josephine (D:15)
  37 vault guards
  2 hydras
  5 rakshasas
  5 ice dragons
  7 peacekeepers
  6 fire dragons
  5 salamander tyrants
  Harold (Lair:2)
  4 spriggan air magi
  12 ogre magi
  A catoblepas (Lair:3)
  10 anacondas
  6 centaur warriors
  11 ironbound frosthearts
  4 merfolk aquamancers (Shoals:4)
  4 satyrs
  26 dancing weapons
  10 two-headed ogres
  A death yak (Lair:4)
  An alligator snapping turtle (Shoals:3)
  9 boulder beetles
  3 tengu warriors (Depths:1)
  6 deep troll earth magi
  2 deep troll shamans
  7 naga warriors
  An orc high priest (Orc:1)
  6 shock serpents
  3 vampire magi
  2 thrashing horrors (WizLab)
  25 hell knights
  Urug (Lair:3)
  23 naga sharpshooters
  9 spriggan berserkers
  A soul eater (WizLab)
  2 fire crabs
  7 iron trolls
  14 deep elf knights
  6 skysharks
  A skyshark (shapeshifter) (Depths:2)
  A sixfirhy (WizLab)
  The ghost of DeathPants the Summoner, a novice VSSu of Gozag (D:9)
  8 salamander mystics
  A sea snake (shapeshifter) (Vaults:5)
  10 sea snakes
  39 deep trolls
  A shadow wraith (WizLab)
  An obsidian statue (WizLab)
  A spark wasp zombie (Depths:2)
  An orb spider (shapeshifter) (Depths:1)
  3 deep elf archers
  3 naga ritualists
  3 flayed ghosts
  12 wizards
  15 ironbound convokers
  An orange crystal statue (D:15)
  A swamp dragon (Lair:5)
  6 lindwurms
  8 orc knights
  A shadow dragon zombie (Depths:2)
  6 phantasmal warriors
  12 mana vipers
  9 necromancers
  30 deep elf zephyrmancers
  A wolf spider (D:11)
  12 harpies
  20 deep elf pyromancers
  2 human zombies
  7 cyclopes
  11 orc sorcerers
  14 fauns
  28 salamanders
  3 tengu skeletons
  43 ugly things
  2 worldbinders (WizLab)
  A fire giant skeleton (Vaults:1)
  A human skeleton (Vaults:2)
  25 moths of wrath
  8 manticores
  11 elephants
  19 vault sentinels
  2 centaur zombies (D:15)
  2 moths of wrath (shapeshifter)
  8 guardian serpents
  A frost giant skeleton (Depths:2)
  2 apocalypse crabs (Shoals:1)
  11 water nymphs
  10 merfolk sirens
  15 naga magi
  21 black mambas
  9 cane toads
  A black mamba (shapeshifter) (Depths:4)
  2 centaur skeletons (D:15)
  Maggie (D:8)
  3 gargoyles
  An unseen horror (D:13)
  9 komodo dragons
  8 rime drakes
  10 kobold demonologists
  2 yaktaur skeletons
  An efreet (D:8)
  25 yaktaurs
  5 freezing wraiths
  3 tengu conjurers
  An ancient zyme (WizLab)
  2 red devils
  A meliai (D:14)
  A meliai (shapeshifter) (D:14)
  A tarantella (Vaults:4)
  9 wind drakes
  9 polar bears (Lair:5)
  A wind drake (shapeshifter) (Depths:2)
  15 merfolk
  7 trolls
  3 hornets
  5 raiju
  38 blink frogs
  2 dream sheep (shapeshifter)
  10 dream sheep
  3 snapping turtles
  A jumping spider (Vaults:1)
  16 slime creatures
  8 air elementals
  3 large abominations (WizLab)
  2 shadows
  23 water elementals
  2 spriggans (Depths:4)
  22 humans (D:13)
  8 wraiths
  9 wyverns
  4 fire elementals
  22 yaks
  5 basilisks
  6 hogs (Lair:4)
  6 steam dragons
  6 redbacks
  9 wargs
  37 nagas
  3 spatial vortices (WizLab)
  6 vampire mosquitoes (D:12)
  A glowing shapeshifter zombie (Vaults:1)
  An acid dragon (shapeshifter) (D:14)
  A swamp worm (shapeshifter) (Vaults:4)
  21 water moccasins
  3 acid dragons
  13 hell hounds (Lair:5)
  An ice beast (D:6)
  A glowing shapeshifter skeleton (WizLab)
  20 orc warriors
  An ettin simulacrum (Vaults:2)
  A hornet zombie (D:15)
  14 black bears
  2 sky beasts
  61 wolves
  12 ogres
  5 centaurs
  2 phantoms
  8 kobold brigands
  2 earth elementals (Elf:2)
  7 bullfrogs
  2 gnoll sergeants (D:11)
  A scorpion (shapeshifter) (Depths:1)
  2 scorpions
  4 wights (D:9)
  12 killer bees
  A raiju skeleton (WizLab)
  3 howler monkeys
  5 electric eels
  A lava snake (D:7)
  3 hounds
  9 orc priests
  2 sleepcaps
  A gnoll bouda (Orc:2)
  A jelly (D:6)
  9 iguanas
  37 orc wizards
  2 howler monkey zombies (D:9)
  5 adders
  18 gnolls
  An ufetubus (WizLab)
  2 worms (D:2)
  2 dart slugs
  71 orcs
  8 ball pythons
  8 bats
  10 endoplasms
  2 giant cockroaches
  8 goblins
  9 hobgoblins
  4 jackals
  5 quokkas
  2 frilled lizards (D:2)
  37 kobolds
  5 rats
  3 briar patches (Depths:3)
  A lurking horror (WizLab)
  A starspawn tentacle (WizLab)
2156 creatures vanquished.

Vanquished Creatures (others)
  A ghost moth (Zot:4)
  A deep elf zephyrmancer (Elf:3)
  3 orc wizards (Orc:2)
  9 fungi
  119 plants
  4 starspawn tentacles (WizLab)
137 creatures vanquished.

Grand Total: 2293 creatures vanquished

Notes
Turn   | Place    | Note
-------+----------+-------------------------------------------
     0 | D:1      | cforsyth the Vine Stalker Fighter began the quest for the
                  | Orb.
     0 | D:1      | Reached XP level 1. HP: 11/11 MP: 2/2
    63 | D:1      | Reached XP level 2. HP: 11/16 MP: 3/3
   186 | D:1      | Reached skill level 3 in Fighting
   359 | D:1      | Found a faded altar of an unknown god.
   464 | D:1      | Reached XP level 3. HP: 15/20 MP: 4/4
   675 | D:2      | Found Oniap's Antique Armour Shoppe.
  1173 | D:3      | Found Qosurch's Distillery.
  1181 | D:3      | Gained mutation: Your natural rate of healing is unusually
                  | fast. [Vine Stalker growth]
  1181 | D:3      | Reached XP level 4. HP: 22/24 MP: 3/5
  1329 | D:3      | Reached XP level 5. HP: 17/29 MP: 3/6
  1436 | D:3      | Reached skill level 4 in Fighting
  2721 | D:4      | Reached XP level 6. HP: 34/34 MP: 7/7
  3319 | D:5      | Entered Level 5 of the Dungeon
  3568 | D:5      | Found a staircase to the Ecumenical Temple.
  3801 | D:5      | Found Reiff's Antique Armour Boutique.
  3804 | D:5      | Bought a warped chain mail for 199 gold pieces
  3804 | D:5      | Identified the +5 chain mail of Vampiric Thralls {Rampage
                  | rCorr Int-3 Stlth-} (You bought it in a shop on level 5 of
                  | the Dungeon)
  3991 | D:5      | Reached skill level 5 in Fighting
  4020 | D:5      | Reached XP level 7. HP: 39/39 MP: 8/8
  4084 | D:5      | Found Kiuwn's Armour Shoppe.
  4124 | D:5      | Found Cociag's Magic Scroll Emporium.
  4136 | D:5      | Found Haen's Weapon Boutique.
  4602 | D:6      | Found Ypsafono's Armour Boutique.
  4628 | D:6      | Reached skill level 5 in Short Blades
  4765 | D:6      | Found Esirugg's Jewellery Shoppe.
  4776 | D:6      | Found Nyphaor's General Store.
  4854 | D:6      | Found a shimmering blue altar of Sif Muna.
  5008 | D:6      | Identified the staff of conjuration "Famueremn" {Dex+2}
  5036 | D:6      | Found an iron altar of Okawaru.
  5037 | D:6      | Found a blossoming altar of Fedhas.
  5037 | D:6      | Found a bloodstained altar of Trog.
  5131 | D:6      | Reached skill level 6 in Fighting
  5140 | D:6      | Gained mutation: You have razor-sharp teeth. [Vine Stalker
                  | growth]
  5140 | D:6      | Reached XP level 8. HP: 36/44 MP: 6/9
  5359 | D:6      | Found Ykaic's Magic Scroll Emporium.
  5623 | D:7      | Reached skill level 7 in Fighting
  5868 | D:7      | Reached XP level 9. HP: 35/47 MP: 10/10
  6188 | D:7      | Found a stormy altar of Qazlal.
  6393 | D:8      | Reached skill level 8 in Fighting
  6554 | Temple   | Entered the Ecumenical Temple
  6571 | Temple   | Became a worshipper of Uskayaw the Reveller
  6785 | D:8      | Reached * piety under Uskayaw
  6790 | D:8      | Reached ** piety under Uskayaw
  6793 | D:8      | Reached *** piety under Uskayaw
  6796 | D:8      | Reached **** piety under Uskayaw
  6803 | D:8      | Noticed an efreet
  6804 | D:8      | Noticed Maggie
  6816 | D:8      | Killed an efreet
  6817 | D:8      | Reached skill level 9 in Fighting
  6821 | D:8      | Reached ***** piety under Uskayaw
  6834 | D:8      | Killed Maggie
  6835 | D:8      | Reached XP level 10. HP: 35/58 MP: 11/11
  6839 | D:8      | Reached ****** piety under Uskayaw
  6848 | D:8      | Noticed a gargoyle
  6860 | D:8      | Killed a gargoyle
  6883 | D:8      | Identified the +4 scale mail of the Game of Kings {Regen+
                  | SInv}
  7170 | D:8      | Reached skill level 10 in Fighting
  7170 | D:8      | Reached skill level 10 in Short Blades
  7593 | D:9      | Found a staircase to the Lair.
  8309 | D:9      | Reached XP level 11. HP: 64/64 MP: 12/12
  8313 | D:9      | Reached skill level 11 in Fighting
  8434 | D:9      | Found a runed translucent gate.
  8434 | D:9      | Found a runed translucent gate.
  8434 | D:9      | Found a runed translucent gate.
  8434 | D:9      | Noticed DeathPants's ghost (novice VSSu)
  8436 | D:9      | Found a basalt altar of Yredelemnul.
  8495 | D:9      | Found a radiant altar of Vehumet.
  8833 | D:10     | Entered Level 10 of the Dungeon
  9014 | D:10     | Noticed a two-headed ogre
  9025 | D:10     | Killed a two-headed ogre
  9037 | D:10     | Reached skill level 12 in Fighting
  9041 | D:10     | Found a shimmering altar of Xom.
  9086 | D:10     | Found a sparkling altar of Nemelex Xobeh.
  9086 | D:10     | Found a glowing silver altar of Zin.
  9394 | D:10     | Noticed a two-headed ogre
  9409 | D:10     | Killed a two-headed ogre
  9719 | D:11     | Found a staircase to the Orcish Mines.
  9805 | D:11     | Noticed a wolf spider
  9805 | D:11     | Noticed an ogre mage
  9869 | D:11     | Killed an ogre mage
  9870 | D:11     | Reached XP level 12. HP: 70/72 MP: 13/13
 10230 | D:12     | Reached skill level 15 in Short Blades
 10330 | D:12     | Reached skill level 13 in Fighting
 11084 | D:13     | Noticed a two-headed ogre
 11094 | D:13     | Killed a two-headed ogre
 11487 | Lair:1   | Entered Level 1 of the Lair of Beasts
 11524 | Lair:1   | Reached skill level 14 in Fighting
 11543 | Lair:1   | Reached XP level 13. HP: 54/79 MP: 14/14
 11649 | Lair:1   | Noticed Xycs's ghost (journeyman GnEE)
 11651 | Lair:1   | Noticed a minotaur
 11979 | Lair:1   | Found a runed translucent gate.
 11980 | Lair:1   | Found a runed translucent gate.
 11981 | Lair:1   | Found a runed translucent gate.
 11994 | Lair:1   | You fall into a shaft and drop 1 floor!
 12062 | Lair:2   | Noticed Harold
 12083 | Lair:2   | Killed Harold
 12291 | Lair:2   | Reached skill level 15 in Fighting
 12547 | Lair:2   | Found a staircase to the Shoals.
 12888 | Lair:3   | Noticed Urug
 12902 | Lair:3   | Killed Urug
 13437 | Lair:3   | Reached XP level 14. HP: 86/86 MP: 15/15
 13448 | Lair:3   | Found a staircase to the Snake Pit.
 13878 | Lair:4   | Noticed Kirke
 13896 | Lair:4   | Killed Kirke
 13971 | Lair:4   | Identified the +0 chain mail of Snakes and Ladders {rPois
                  | rF+ Slay+2}
 14060 | Lair:4   | Reached skill level 16 in Fighting
 14366 | Lair:5   | Entered Level 5 of the Lair of Beasts
 14568 | Lair:5   | Reached skill level 1 in Invocations
 14603 | Lair:5   | Identified the +1 rapier "Sarcophage" {holy, rC+++ Str+9
                  | Dex-4 Stlth-}
 14802 | Lair:5   | HP: 4/88 [swamp dragon/blast of poison (6)]
 15016 | Lair:5   | Identified a scroll of acquirement
 15030 | Lair:5   | Acquired the +3 pair of gauntlets of War {Slay+5}
 15030 | Lair:5   | Found the +3 pair of gauntlets of War {Slay+5}
 15121 | Lair:5   | Reached XP level 15. HP: 53/92 MP: 16/19
 15132 | Lair:5   | Reached skill level 5 in Shields
 15741 | Lair:5   | Found a viscous altar of Jiyva.
 15741 | Lair:5   | Found a staircase to the Slime Pits.
 16071 | Orc:1    | Entered Level 1 of the Orcish Mines
 16102 | Orc:1    | Reached skill level 5 in Armour
 16108 | Orc:1    | Reached skill level 5 in Invocations
 16360 | Orc:2    | Entered Level 2 of the Orcish Mines
 16360 | Orc:2    | Found a staircase to the Elven Halls.
 16686 | Orc:2    | Found an ancient bone altar of Kikubaaqudgha.
 16702 | Orc:2    | Found Roickeoj's Antique Weapon Shoppe.
 16738 | Orc:2    | Found a radiant altar of Vehumet.
 16741 | Orc:2    | Found Geow's Magic Scroll Shoppe.
 16934 | Orc:2    | Found Kywah's Jewellery Emporium.
 16987 | Orc:2    | Found Eske's Jewellery Emporium.
 16992 | Orc:2    | Bought the amulet "Loithrec" {Faith Will+++ MP+9 Slay+3
                  | Stlth+} for 1065 gold pieces
 17818 | D:13     | Found a gate to the Vaults.
 18162 | D:14     | Identified the amulet "Baadire" {Acrobat Rampage rF- rN+
                  | Str+2}
 18251 | D:14     | You fall into a shaft and drop 1 floor!
 18251 | D:15     | Entered Level 15 of the Dungeon
 18311 | D:15     | Found a runed translucent door.
 18325 | D:15     | Found a runed translucent door.
 18600 | D:14     | Reached skill level 1 in Dodging
 19020 | D:15     | Reached XP level 16. HP: 97/97 MP: 21/21
 19335 | D:15     | Found a runed translucent door.
 19350 | D:15     | Noticed Josephine
 19377 | D:15     | Found a runed translucent door.
 19490 | D:15     | Killed Josephine
 19678 | D:15     | Found a staircase to the Depths.
 19915 | Snake:1  | Entered Level 1 of the Snake Pit
 19962 | Snake:1  | Noticed Agnes
 19978 | Snake:1  | Killed Agnes
 20001 | Snake:1  | Found Jaezadoh's Self-Improvement Boutique.
 20034 | Snake:1  | Identified the +4 chain mail of Zebi {rC+ Dex+3}
 20105 | Snake:1  | Found a flickering gateway to a bazaar.
 20132 | Bazaar   | Entered a bazaar
 20153 | Bazaar   | Found Kuymnol's Magic Scroll Shoppe.
 20169 | Bazaar   | Found Tayczegu's Book Shoppe.
 20169 | Bazaar   | Found Moz Pask's Antique Armour Emporium.
 20191 | Bazaar   | Found Footujih's Jewellery Emporium.
 20268 | Bazaar   | Bought a scroll of acquirement for 572 gold pieces
 20272 | Bazaar   | Acquired a manual of Dodging
 20335 | Bazaar   | Bought a glowing cloak for 217 gold pieces
 21372 | Snake:2  | Reached skill level 5 in Dodging
 22160 | Snake:3  | Reached XP level 17. HP: 92/101 MP: 24/24
 22484 | Snake:3  | Reached skill level 10 in Armour
 22541 | Snake:3  | Found Plog's Vocational Training.
 22586 | Snake:3  | Identified the +5 broad axe of Accord {elec, MP-9 Dex+7}
 23066 | Snake:4  | Entered Level 4 of the Snake Pit
 23080 | Snake:4  | Found Puenoam's Book Boutique.
 23080 | Snake:4  | Found Piolas's Book Shop.
 23475 | Snake:4  | Reached skill level 10 in Shields
 24356 | Snake:4  | Reached skill level 10 in Dodging
 24406 | Snake:4  | Got a serpentine rune of Zot
 24608 | D:9      | Killed DeathPants's ghost
 24998 | Lair:1   | Killed Xycs's ghost
 24999 | Lair:1   | Reached XP level 18. HP: 66/106 MP: 25/25
 25094 | Shoals:1 | Entered Level 1 of the Shoals
 25368 | Shoals:1 | Found a runed translucent door.
 25376 | Shoals:1 | Found a corrupted altar of Lugonu.
 25420 | Shoals:1 | Found a one-way gate to the infinite horrors of the Abyss.
 26731 | Shoals:4 | Entered Level 4 of the Shoals
 26792 | Shoals:4 | Paralysed by an air elemental for 1 turns
 26795 | Shoals:4 | Paralysed by an air elemental for 1 turns
 26844 | Shoals:4 | Noticed a titan
 26859 | Shoals:4 | Killed a titan
 26915 | Shoals:4 | Paralysed by an air elemental for 1 turns
 26921 | Shoals:4 | Paralysed by an air elemental for 1 turns
 26988 | Shoals:4 | Identified the staff of fire "Sulih" {rF+ MP-9 Str-2 Int+9
                  | Dex+8}
 26990 | Shoals:4 | Identified the amulet of the Albatross {Spirit Str+3
                  | Stlth+}
 27011 | Shoals:4 | Got the Parchment of Arenous Combustion
 27034 | Shoals:4 | Got a barnacled rune of Zot
 27246 | Shoals:4 | Found an opulent altar of Gozag.
 27289 | Shoals:4 | Paralysed by an air elemental for 1 turns
 27856 | Vaults:1 | Entered Level 1 of the Vaults
 27931 | Vaults:1 | Reached skill level 15 in Armour
 27931 | Vaults:1 | Reached XP level 19. HP: 82/105 MP: 26/26
 27943 | Vaults:1 | Found a magical portal.
 27952 | WizLab   | Entered The Roulette of Golubria
 27952 | WizLab   | Found a transporter.
 27955 | WizLab   | Found a corrupted altar of Lugonu.
 27971 | WizLab   | Found a transporter.
 27977 | WizLab   | Found a transporter.
 28048 | WizLab   | Found a transporter.
 28048 | WizLab   | Found a transporter.
 28098 | WizLab   | Found a transporter.
 28112 | WizLab   | Found a transporter.
 28136 | WizLab   | Found a transporter.
 28173 | WizLab   | Found a corrupted altar of Lugonu.
 28223 | WizLab   | Found a transporter.
 28253 | WizLab   | Found a corrupted altar of Lugonu.
 28258 | WizLab   | Found a transporter.
 28457 | WizLab   | Found a transporter.
 28457 | WizLab   | Found a transporter.
 28483 | WizLab   | Found a transporter.
 28483 | WizLab   | Found a transporter.
 28519 | WizLab   | Found a transporter.
 28541 | WizLab   | Got Golubria's Papyrus of Movement
 28606 | WizLab   | Found the +1 cloak of Starlight {*Dazzle EV+4 Stlth--}
 28674 | WizLab   | Found a transporter.
 28674 | WizLab   | Found a transporter.
 28693 | WizLab   | Got Golubria's Elucidation of Shifting
 28706 | WizLab   | Found a transporter.
 28706 | WizLab   | Found a transporter.
 28737 | WizLab   | Found a transporter.
 28742 | WizLab   | Paralysed by an air elemental for 1 turns
 29381 | Vaults:1 | Found Ycves's Distillery.
 29511 | Vaults:1 | Reached skill level 17 in Fighting
 29934 | Orc:2    | Bought the ring of Wudghas {rElec MP+9} for 544 gold pieces
 30766 | Vaults:2 | Reached XP level 20. HP: 104/118 MP: 27/27
 30907 | Vaults:2 | Found a staircase to the Crypt.
 31532 | Vaults:3 | Reached skill level 18 in Fighting
 32071 | Vaults:3 | Identified the ring "Heosiq" {Ice Dex+3}
 32097 | Vaults:3 | Noticed Saint Roka
 32126 | Vaults:3 | Killed Saint Roka
 32463 | Vaults:3 | Identified the +1 mace of Aleaqiaje {flame, Will+ Str+4}
 32949 | Vaults:4 | Found Umicaug's Antique Weapon Shop.
 32986 | Vaults:4 | Reached skill level 19 in Fighting
 33120 | Vaults:4 | Reached XP level 21. HP: 116/126 MP: 28/28
 33962 | Elf:1    | Entered Level 1 of the Elven Halls
 34508 | Elf:1    | Found Berawoaz's Armour Emporium.
 34818 | Snake:3  | Bought a manual of Invocations for 960 gold pieces
 35178 | Elf:2    | Got Ts'ui Pên's Incunable of Forking Paths
 35187 | Elf:2    | Got the Incunabulum of Combed Thunderclap
 35349 | Elf:2    | Found a runed translucent gate.
 35349 | Elf:2    | Found a runed translucent gate.
 35349 | Elf:2    | Found a runed translucent gate.
 35403 | Elf:2    | Found Ittionino's Book Boutique.
 35403 | Elf:2    | Found Esyo's Jewellery Emporium.
 35404 | Elf:2    | Found Senaqeth's Book Boutique.
 35648 | Elf:2    | Noticed Jorgrun
 35660 | Elf:2    | Noticed Zenata
 35831 | Elf:2    | Killed Jorgrun
 35864 | Elf:2    | Killed Zenata
 35911 | Elf:2    | Reached skill level 20 in Fighting
 36019 | Elf:2    | Reached skill level 10 in Invocations
 36277 | Elf:3    | Entered Level 3 of the Elven Halls
 36366 | Elf:3    | Paralysed by an air elemental for 1 turns
 36881 | Elf:3    | Paralysed by an air elemental for 1 turns
 37058 | Elf:3    | Reached XP level 22. HP: 133/133 MP: 31/31
 37283 | Elf:3    | Identified the +8 hand axe "Nanuqixi" {holy, rElec rF+
                  | Stlth+}
 37581 | Elf:3    | Got the Thoughts on Arenous Necromancy
 37582 | Elf:3    | Identified the ring "Ralli" {rElec rC+ Will- Str+5}
 37593 | Elf:3    | Got the Spellbook of Fascination and Air
 37606 | Elf:3    | Identified the ring of Sasumm {+Blink Str+6}
 37663 | Elf:3    | Identified the staff of cold "Coweuts" {rPois rF- rC+ rCorr
                  | Int+7}
 37976 | Vaults:5 | Entered Level 5 of the Vaults
 38547 | Vaults:5 | Noticed an ancient lich
 38778 | Vaults:5 | Noticed a dread lich
 39031 | Vaults:5 | Identified the +7 mace of the Inviting Spider {drain,
                  | *Noise rF+ rN++}
 39111 | Vaults:5 | Identified the +1 broad axe of the Gnat {elec, Dex+6}
 39207 | Vaults:5 | Reached skill level 21 in Fighting
 39402 | Vaults:5 | Noticed a dread lich
 39428 | Vaults:4 | Killed a dread lich
 39429 | Vaults:4 | Reached XP level 23. HP: 59/140 MP: 30/35
 39496 | Vaults:4 | Reached skill level 15 in Invocations
 39554 | Vaults:4 | Killed a dread lich
 39940 | Vaults:5 | Killed an ancient lich
 40213 | Vaults:5 | Identified the +4 halberd "Miowkisu" {holy, rF+ rC+ Str+4
                  | Stlth+}
 40405 | Vaults:5 | Got a silver rune of Zot
 40636 | Vaults:5 | Found Ugaipof's Distillery.
 40742 | Vaults:5 | Identified the +1 leather armour of Cheibriados's Delight
                  | {rCorr Str+6}
 40798 | Vaults:5 | Found Ruynex's Magic Scroll Emporium.
 41128 | Depths:1 | Entered Level 1 of the Depths
 41148 | Depths:1 | Found Odeiv's Magic Scroll Shop.
 41430 | Depths:1 | Found a glowing golden altar of the Shining One.
 41464 | Depths:1 | Found a gateway to Hell.
 41693 | Depths:1 | Identified the ring "Ilim" {rN+ MP+9 SInv}
 41860 | Depths:1 | Identified the +1 mace of Wisdom {protect, rElec rF+ MP-9
                  | Dex+6}
 41986 | Depths:2 | Found Avilobomn's Assorted Antiques.
 42007 | Depths:2 | Found Ecushrumast's Magic Scroll Shoppe.
 42008 | Depths:2 | Found Xiar's Magic Scroll Shop.
 42009 | Depths:2 | Found Kiuv's Weapon Emporium.
 42350 | Depths:2 | Reached skill level 22 in Fighting
 42413 | Depths:2 | Reached XP level 24. HP: 147/147 MP: 36/36
 42902 | Depths:2 | Found a one-way gate leading to the halls of Pandemonium.
 43066 | Depths:2 | Noticed a juggernaut
 43076 | Depths:2 | Killed a juggernaut
 43413 | Depths:3 | Noticed Parghit
 43426 | Depths:3 | Killed Parghit
 43609 | Depths:3 | Noticed Grunn
 43621 | Depths:3 | Killed Grunn
 43745 | Depths:3 | Reached skill level 23 in Fighting
 43764 | Depths:3 | Noticed the Enchantress
 43774 | Depths:3 | Killed the Enchantress
 43887 | Depths:3 | Found the +3 salamander hide armour {Flames, rFlCloud rF++
                  | rC--}
 44159 | Depths:3 | Found a one-way gateway to a ziggurat.
 44160 | Depths:3 | Noticed Vv
 44180 | Depths:3 | Killed Vv
 44471 | Depths:3 | Noticed Xtahua
 44482 | Depths:3 | Killed Xtahua
 44738 | Depths:4 | Entered Level 4 of the Depths
 45075 | Depths:4 | Found a hazy altar of Hepliaklqana.
 45140 | Depths:4 | Found an ornate altar of the Wu Jian Council.
 45170 | Depths:4 | Reached XP level 25. HP: 140/154 MP: 36/36
 45306 | Depths:4 | Found a gate to the Realm of Zot.
 45856 | Zot:1    | Entered Level 1 of the Realm of Zot
 46894 | Zot:2    | Noticed an orb of fire
 46898 | Zot:2    | Gained mutation: You are somewhat resistant to further
                  | mutation. [an orb of fire]
 46902 | Zot:2    | Killed an orb of fire
 46903 | Zot:2    | Reached skill level 24 in Fighting
 46971 | Zot:2    | Noticed a Killer Klown
 46982 | Zot:2    | Killed a Killer Klown
 47229 | Zot:2    | Acquired a +0 quick blade of venom
 47422 | Zot:2    | Reached XP level 26. HP: 147/162 MP: 37/37
 48026 | Zot:2    | Found a runed translucent gate.
 48026 | Zot:2    | Found a runed translucent gate.
 48026 | Zot:2    | Found a runed translucent gate.
 48027 | Zot:2    | Found a viscous altar of Jiyva.
 48027 | Zot:2    | Noticed Zaeh's ghost (veteran TrTm)
 49753 | Zot:4    | Noticed a Killer Klown
 49755 | Zot:4    | Killed a Killer Klown
 50057 | Zot:5    | Entered Level 5 of the Realm of Zot
 50087 | Zot:5    | Found a runed translucent door.
 50087 | Zot:5    | Found a shimmering altar of Xom.
 50088 | Zot:5    | Noticed Bucoetae's ghost (veteran OgBe)
 50610 | Zot:5    | Noticed an ancient lich
 50633 | Zot:5    | Killed an ancient lich
 50634 | Zot:5    | Reached XP level 27. HP: 163/168 MP: 38/38
 50678 | Zot:5    | Noticed an orb of fire
 50679 | Zot:5    | Noticed an orb of fire
 50684 | Zot:5    | Gained mutation: You are dopey. (Int -2) [an orb of fire]
 50696 | Zot:5    | Killed an orb of fire
 50728 | Zot:5    | Reached skill level 25 in Fighting
 50777 | Zot:5    | Killed an orb of fire
 50872 | Zot:5    | Noticed an orb of fire
 50884 | Zot:5    | Noticed an ancient lich
 50896 | Zot:5    | Killed an orb of fire
 50910 | Zot:5    | Killed an ancient lich
 50985 | Zot:5    | Noticed an ancient lich
 50998 | Zot:5    | Killed an ancient lich
 51146 | Zot:5    | Noticed an orb of fire
 51443 | Zot:5    | Killed an orb of fire
 52352 | Zot:5    | Got the Orb of Zot
 52546 | Depths:4 | Noticed Baamidd the pandemonium lord
 52548 | Depths:3 | Noticed Lani the pandemonium lord
 52997 | D:$      | Escaped with the Orb!

Illustrated notes

Levels and vault maps discovered:
D:1:      minmay_arrival_loop, layout_rooms, chequers_ecumenical_altar_grove,
          minivault_25
D:2:      minmay_skewed_foursquare, layout_loops_ring, serial_shops,
          nicolae_shop_behind_doors
D:3:      layout_rooms, serial_shops, nicolae_shop_advertising_works
          [nicolae_subvault_shop_adworks]
D:4:      layout_cave_pods, corexii_hall_statues_i
D:5:      layout_layer_cave, minmay_temple_entry_hall, serial_shops,
          nicolae_shop_behind_doors, kennysheep_little_box,
          nicolae_diamond_shop, kennysheep_mini_moat
D:6:      minmay_diamond_boxcup, layout_loops_ring,
          mainiacjoe_overflow_alcove_1,
          chequers_temple_overflow_statue_of_worship, serial_shops,
          nicolae_shop_stone, shop, nicolae_shop_hallway_stairs, shop
D:7:      layout_basic, nicolae_qazlal_style_of_elements,
          chequers_serial_rivers_micro_d, kennysheep_cross_bottleneck
D:8:      layout_loops_ring, st_stairs_8, minmay_radiant, uniq_maggie
D:9:      layout_loops_ring, mainiacjoe_overflow_surrounded_room,
          nicolae_yredelemnul_ghost_church, minmay_lair_entry_grove
D:10:     layout_small_grid, gammafunk_temple_overflow_pools,
          lemuel_crystal_altar, st_stairs_14, minmay_fractal_squares_gapless_5
D:11:     layout_long_grid, david_orc_3, grunt_tough_drop
D:12:     layout_gridville
D:13:     layout_stronghold, grunt_vaults_entry_tiered
D:14:     layout_long_grid, chequers_arboretum, kennysheep_generic_room_2
D:15:     grunt_enter_depths_magical_seal, layout_loops_ring,
          minmay_statue_crystal_thing, uniq_josephine
Temple:   hellmonk_temple_two_chambers
Lair:1:   dreamdust_cave_troll, layout_regular_city,
          maelrawn_ghost_gauntlet_escape, grunt_megastairs_5
Lair:2:   layout_gridlike, minmay_shoals_entry_lonely_mermaid, uniq_harold
Lair:3:   layout_regular_city, minmay_snake_entry_guardpost_medium, uniq_urug
Lair:4:   layout_roguey, grunt_forest_large_clearing_hut,
          infiniplex_staircase_pool, uniq_kirke
Lair:5:   hangedman_lair_caniforms_friends, layout_hall_layers,
          guppyfry_lair_end_dragon, dpeg_slime_entry_enclosed,
          grunt_forest_large_clearings, grunt_megastairs_4
Shoals:1: layout_shoals, nicolae_shoals_abyss_on_the_beach
Shoals:2: layout_shoals, uniq_polyphemus
Shoals:3: layout_shoals
Shoals:4: shoals_end_hellmonk_storm_palace [storm_palace_center_square,
          storm_palace_corner_pillars, storm_palace_corner_altar,
          storm_palace_corner_pillars, storm_palace_corner_narrow], serial_shops
Snake:1:  layout_onion_interference, serial_shops, bzr_entry_islet,
          nicolae_shop_self_help, uniq_agnes
Snake:2:  layout_cave_town
Snake:3:  layout_chambers, nicolae_shop_vocational
Snake:4:  snake_pit_salamanders_mu, layout_cave_town, minmay_shoptagon
Orc:1:    layout_caves
Orc:2:    kennysheep_orc_mage_school, layout_caves
Elf:1:    layout_geoelf_diagonals, serial_shops, nicolae_shop_behind_doors,
          hangedman_elf_represent, small_chamber_with_monster
Elf:2:    elven_hall_of_blades_hangedman_original [mumra_blade_entry_dagger],
          layout_geoelf_octagon, bh_hangedman_babel_library, minmay_shop_grove,
          uniq_zenata, uniq_jorgrun
Elf:3:    minmay_elf_hall_spiked, layout_geoelf_castle
Vaults:1: mu_enter_wizlab_3, vaults_dpeg_ring, ontoclasm_vaults_hangar,
          nicolae_vaults_big_ls, v_alt_pattern_6, nicolae_vaults_octagons,
          nicolae_vaults_yaktaur_gun_rack, v_pattern_2, v_misc_16,
          nicolae_vaults_angled_halls, hangedman_vaults_trim, vaults_room_pool,
          layout_vaults_ring, serial_shops, nicolae_shop_hallway_plus
Vaults:2: minmay_crypt_entry_simple_walls, vaults_room_glass_cross,
          vaults_room_stairs_pillars, vaults_room_grunt_arrival_checkpoint,
          layout_vaults_quadrants
Vaults:3: st_octagons_2, ontoclasm_vaults_loading_screen,
          hangedman_vaults_nails, nicolae_vaults_mini_display_case, v_rooms_2,
          nicolae_vaults_theta, ontoclasm_vaults_eye, v_misc_12, v_misc_32,
          nicolae_vaults_gold_heap, layout_vaults_omnicross, uniq_saint_roka
Vaults:4: nicolae_vaults_ninety_degrees, nicolae_vaults_murderbox,
          hangedman_vaults_locks, hangedman_vaults_pinch, v_misc_5,
          grunt_vaults_bifocal, nicolae_vaults_angled_halls, v_misc_18,
          v_misc_1, v_misc_19, layout_vaults_maze, serial_shops, shop
Vaults:5
Depths:1: layout_big_octagon, abyss_entry, serial_shops, shop,
          nicolae_tso_swordbearing_angel, grunt_metal_band, roderic_lattice_a,
          minmay_the_grid_square_5x5_3x3_mashed
          [minmay_the_grid_square_5x5_sharp_hourglass,
          minmay_the_grid_square_5x5_two_walls_a,
          minmay_the_grid_square_5x5_comb, minmay_the_grid_square_5x5_inner_i,
          minmay_the_grid_square_5x5_megaprize_open,
          minmay_the_grid_square_5x5_one_wall, minmay_the_grid_square_5x5_tie,
          minmay_the_grid_square_5x5_inner_v,
          minmay_the_grid_square_5x5_intrusive_squares]
Depths:2: cheibrodos_spurs, layout_basic, hell_entry, pan_entry,
          nicolae_wooded_promenade
Depths:3: grunt_forest_end_winery, layout_gridlike, enter_ziggurat_c,
          abyss_entry, serial_sigils, serial_sigils_hangedman_stare,
          serial_sigils_hangedman_confine, serial_sigils_hangedman_gut,
          serial_sigils_hangedman_snap, pf_hell_entry_tar_river, drop_trap,
          uniq_parghit, uniq_grunn, uniq_xtahua, uniq_vv
Depths:4: grunt_crosshair, layout_cave_shapes, hell_entry,
          nzn_wu_jian_contemplation, worldfamousw_hep_ancestral_shrine
Zot:1:    layout_onion_interference, grunt_megastairs_3
Zot:2:    layout_gridlike, gammafunk_ghost_ooze, zot_minivault_4
Zot:3:    layout_gridlike
Zot:4:    layout_gridville, grunt_ministairs_11,
          hangedman_zot_decor_checkerboard, zot_minivault_1, uniq_josephina
Zot:5:    layout_gridlike, ebering_ghost_xom

Skill      XL: |  1  2  3  4  5  6  7  8  9 10 11 12 13 14 15 16 17 18 19 20 21 22 23 24 25 26 27 |
---------------+----------------------------------------------------------------------------------+-----
Short Blades   | 2 3 4 5 7 9 11 14 16 17 18 | 18.1
Fighting       | 3 4 5 6 7 9 10 12 14 15 16 17 19 20 21 22 23 24 25 | 25.6
Shields        | 4 8 9 11 14 | 14.0
Invocations    | 4 5 8 10 14 17 19 20 21 | 21.0
Armour         | 4 7 9 11 15 16 17 18 19 20 21 22 23 | 23.7
Dodging        | 1 6 10 12 | 12.0

Action                     |  1- 3 |  4- 6 |  7- 9 | 10-12 | 13-15 | 16-18 | 19-21 | 22-24 | 25-27 || total
---------------------------+-------+-------+-------+-------+-------+-------+-------+-------+-------++-------
  Melee: Rapier            |    95 |   230 |   215 |       |       |       |       |       |       ||   540
         Bite              |    29 |    68 |   122 |   243 |   537 |   552 |   709 |   915 |   948 ||  4123
         Short sword       |       |       |   118 |   618 |  1263 |  1182 |  1313 |  1530 |   543 ||  6567
         Quick blade       |       |       |       |       |       |       |       |       |   895 ||   895
 Invoke: Stomp             |       |       |       |       |     3 |     1 |       |       |       ||     4
         Grand Finale      |       |       |       |       |       |     1 |       |     2 |       ||     3
  Evoke: Wand              |       |       |     2 |       |       |     1 |    11 |     3 |     1 ||    18
    Use: Scroll            |       |     4 |     9 |     9 |    10 |     5 |     4 |     3 |    25 ||    69
         Potion            |       |       |       |     2 |     5 |       |       |       |       ||     7
   Stab: Paralysed         |       |       |     3 |    59 |    85 |    92 |   125 |   156 |   133 ||   653
         Sleeping          |       |       |       |       |       |     1 |       |       |       ||     1
         Invisible         |       |       |       |       |       |       |       |     6 |    15 ||    21
 Armour: Scale mail        |    41 |    52 |       |   196 |   478 |   299 |   252 |   368 |       ||  1686
         Chain mail        |       |    93 |   179 |     6 |       |       |       |       |       ||   278
         Gold dragon scale |       |       |       |       |       |       |       |     4 |   464 ||   468
  Dodge: Dodged            |    47 |    90 |    91 |   235 |   649 |   490 |   331 |   446 |   337 ||  2716
  Block: Buckler           |    21 |    58 |    56 |   143 |   247 |    29 |       |       |       ||   554
         Kite shield       |       |       |       |       |       |   510 |   447 |   581 |   495 ||  2033

Table legend: (Time is in decaauts)
 A = Elapsed time spent in this place.
 B = Non-inter-level travel time spent in this place.
 C = Inter-level travel time spent in this place.
 D = Time resting spent in this place.
 E = Time spent auto-exploring this place.
 F = Levels seen in this place.
 G = Mean time per level.
                   A        B        C        D        E       F      G
               +--------+--------+--------+--------+--------+-----+--------+
         Total |  49845 |  45003 |   4842 |   3664 |  29528 |  50 |  996.9 |
       Dungeon |  14718 |  12339 |   2379 |    911 |   8913 |  15 |  981.2 |
        Temple |     26 |     17 |      9 |      0 |      0 |   1 |   26.0 |
          Lair |   4804 |   4311 |    493 |    239 |   3026 |   5 |  960.8 |
        Shoals |   2605 |   2371 |    234 |    202 |   1395 |   4 |  651.2 |
     Snake Pit |   4276 |   3968 |    308 |    134 |   2914 |   4 | 1069.0 |
  Orcish Mines |   1618 |   1326 |    292 |    143 |    879 |   2 |  809.0 |
   Elven Halls |   3221 |   3066 |    155 |    249 |   1652 |   3 | 1073.7 |
        Vaults |   7273 |   6780 |    493 |   1170 |   3616 |   5 | 1454.6 |
        Depths |   4515 |   4260 |    255 |    254 |   2868 |   4 | 1128.8 |
           Zot |   5742 |   5524 |    218 |    360 |   3807 |   5 | 1148.4 |
        Bazaar |    249 |    249 |      0 |      0 |     81 |   1 |  249.0 |
        Wizlab |    795 |    795 |      0 |      0 |    374 |   1 |  795.0 |
               +--------+--------+--------+--------+--------+-----+--------+

Top non-repeatable levels by time:
   Zot:5: 2128 daAuts
Vaults:4: 1926 daAuts
Vaults:5: 1588 daAuts
   Zot:2: 1493 daAuts
Vaults:2: 1388 daAuts
  Lair:5: 1379 daAuts
     D:8: 1368 daAuts
Vaults:3: 1368 daAuts
     D:5: 1363 daAuts
 Snake:4: 1355 daAuts
Depths:3: 1348 daAuts
   Elf:3: 1344 daAuts
Depths:2: 1222 daAuts
    D:13: 1187 daAuts
     D:3: 1179 daAuts
